 Dungeon Crawl Stone Soup version 0.28-a0-1638-g9123634e07 (webtiles) character file.

Game seed: 2913842315377152935

797 fragbeetle the Chopper (level 7, 0/61 HPs)
             Began as a Hill Orc Cinder Acolyte on Jan 26, 2022.
             Was a High Priest of Ignis.
             Slain by an iron imp (8 damage)
             ... summoned by Eustachio
             ... on level 5 of the Dungeon.
             The game lasted 00:12:23 (7150 turns).

fragbeetle the Chopper (Hill Orc Cinder Acolyte)    Turns: 7150, Time: 00:12:24

Health: 0/61       AC: 10    Str: 19    XL:     7   Next: 89%
Magic:  5/10       EV: 11    Int: 14    God:    Ignis [*****.]
Gold:   84         SH:  0    Dex:  6    Spells: 0/10 levels left

rFire   + . .      SeeInvis .   l - +2 whip (elec)
rCold   . . .      Faith    .   (no shield)
rNeg    . . .      Spirit   .   m - +0 leather armour
rPois   .          Reflect  .   (no helmet)
rElec   .          Harm     .   (no cloak)
rCorr   .          Rampage  .   (no gloves)
Will    .....                   (no boots)
Stlth   +.........              (no amulet)
HPRegen 0.20/turn               (no ring)
MPRegen 0.12/turn               (no ring)

@: fiery-armoured
A: no striking features
a: Renounce Religion, Fiery Armour, Foxfire Swarm, Rising Flame


You were on level 5 of the Dungeon.
You worshipped Ignis.
Ignis was extremely pleased with you.
You visited 1 branch of the dungeon, and saw 5 of its levels.
You also visited: Sewer and Ossuary.

You collected 282 gold pieces.
You spent 198 gold pieces at shops.

Inventory:

Hand Weapons
 a - a -1 hand axe of flaming
 i - a +1 dagger of electrocution
 l - a +2 whip of electrocution (weapon)
Missiles
 d - 3 boomerangs
 k - a throwing net
 o - 3 poisoned darts
Armour
 b - a +0 robe
 m - a +0 leather armour (worn)
Scrolls
 c - 2 scrolls of noise
 e - 5 scrolls of teleportation
 f - a scroll of vulnerability
 g - 2 scrolls of brand weapon
 h - 3 scrolls of immolation
 p - 2 scrolls of fear {unknown}
 r - a scroll of enchant armour
 s - a scroll of summoning {unknown}
 w - a scroll of enchant weapon {unknown}
Potions
 j - 2 potions of curing
 n - a potion of magic
 q - 5 potions of flight
 t - a potion of lignification {unknown}
 u - a potion of might {unknown}
 v - a potion of ambrosia {unknown}


   Skills:
 + Level 5.2 Fighting
 * Level 7.2 Axes
 + Level 2.4 Spellcasting
 * Level 1.4 Conjurations
 * Level 5.9 Fire Magic
 * Level 2.4 Earth Magic


You couldn't memorise any spells.
You knew the following spells:

 Your Spells              Type           Power      Damage    Failure   Level
a - Scorch                Fire           36%        2d6       3%          2
b - Lee's Rapid Deconstr  Erth           4%         3d6*      95%         5
c - Mephitic Cloud        Conj/Pois/Air  3%         N/A       54%         3

Your spell library contained the following spells:

 Spells                   Type           Power      Damage    Failure   Level
 Magic Dart               Conj           20%        1d4       16%         1
 Call Imp                 Summ           1%         N/A       38%         2
 Confusing Touch          Hex            1%         N/A       63%         3
 Portal Projectile        Hex/Tloc       2%         N/A       63%         3
 Tukima's Dance           Hex            1%         N/A       63%         3
 Fulminant Prism          Conj/Hex       1%         3d6       90%         4
 Iskenderun's Mystic Bla  Conj/Tloc      3%         2d3       90%         4
 Anguish                  Hex/Necr       0%         N/A       95%         4
 Animate Dead             Necr           0%         N/A       95%         4
 Borgnjor's Vile Clutch   Necr/Erth      2%         N/A       99%         5
 Blade Hands              Tmut           0%         N/A       100%        5
 Excruciating Wounds      Necr           0%         N/A       100%        5
 Yara's Violent Unravell  Hex/Tmut       0%         3d3       100%        5
 Death Channel            Necr           0%         N/A       100%        6
 Enfeeble                 Hex            0%         N/A       100%        7


Dungeon Overview and Level Annotations

Branches:
Dungeon (5/15)              Sewer (visited)         Ossuary (visited)
 Temple: D:4-7

Altars:
Ashenzari
Fedhas

Shops:
D:4 :=

Annotations:
D:5 Eustachio


Message History

Eustachio mumbles some strange words.
Eustachio blinks!
The ice beast closely misses you.
Unknown command.
A protective cloak of flame settles atop you.
The ice beast hits you but does no damage.
The ice beast melts!
The ice beast is burned by your cloak of flames.
You kill the ice beast!
Eustachio casts a spell.
Eustachio blinks!
Okay, then.
Throw: 4 darts (poison)
Press: ? - help, Shift-Dir - straight line, f - Eustachio
Aim: Eustachio, wielding a +0 falchion and wearing a +0 leather armour (moderately wounded, 41% to hit)
You throw a poisoned dart. The poisoned dart hits Eustachio.
Eustachio is poisoned.
Eustachio is moderately wounded.
The white imp gestures at you. The puff of frost hits you.
You barely miss Eustachio.
Eustachio is heavily wounded.
Eustachio hits you but does no damage.
Eustachio is burned by your cloak of flames.
Eustachio is heavily wounded.
The white imp gestures at you. The puff of frost misses you.
The puff of frost hits Eustachio.
You whack Eustachio! Your punch misses Eustachio.
Eustachio is severely wounded.
Eustachio hits you with a +0 falchion.
Eustachio is burned by your cloak of flames.
Eustachio is almost dead.
The iron imp hits you!
* * * LOW HITPOINT WARNING * * *
The iron imp completely resists.
You barely miss Eustachio.
Eustachio is almost dead.
Eustachio hits you with a +0 falchion!
* * * LOW HITPOINT WARNING * * *
The iron imp hits you!
You die...

#......##.###.........##..
##.#.####.# #..........##.
##.#.# #.# ##.###.....##.
#....# #.# #.# #.>...##.
#########.# #.# #########
#.........# #.#######
##.###########.......# #.#
#.(..5..#.......# #.#
#..@@##'#.......# #.#
#....w..........#
##.####...5).........#####
#(........................
#######...................
#..........####.....
#..........# .ยง.w.
#..........# .....
##.######### .....


You could see Eustachio (poisoned), an iron imp (summoned), a white imp
(summoned) and a dart slug.

Vanquished Creatures
  An ice beast (D:5)
  An ogre (D:2)
  A phantom (D:4)
  A bullfrog (D:4)
  A scorpion (D:5)
  2 hounds (D:5)
  2 orc wizards (D:3)
  3 mummies (Ossuary)
  4 gnolls
  7 adders
  4 river rats (Sewer)
  An ufetubus (D:4)
  2 adder zombies (Ossuary)
  5 worms
  4 dart slugs
  5 orcs
  9 endoplasms
  3 giant cockroaches
  5 goblins
  7 hobgoblins
  6 jackals
  3 kobolds
  7 quokkas
  11 ball pythons
  9 bats
  7 frilled lizards
  2 goblin zombies (Ossuary)
  9 rats
  2 rat zombies (Ossuary)
124 creatures vanquished.

Vanquished Creatures (others)
  A plant (D:2)
1 creature vanquished.

Grand Total: 125 creatures vanquished

Notes
Turn   | Place    | Note
-------+----------+-------------------------------------------
     0 | D:1      | fragbeetle the Hill Orc Cinder Acolyte began the quest for
                  | the Orb.
     0 | D:1      | Reached XP level 1. HP: 19/19 MP: 2/2
    61 | D:1      | Reached XP level 2. HP: 5/27 MP: 3/3
   856 | D:1      | Reached XP level 3. HP: 29/33 MP: 4/4
  1654 | D:1      | Learned a level 2 spell: Scorch
  1692 | D:2      | Noticed an ogre
  2207 | D:1      | Reached skill level 5 in Axes
  2207 | D:1      | Reached XP level 4. HP: 34/40 MP: 6/6
  2408 | D:2      | Killed an ogre
  2409 | D:2      | Reached XP level 5. HP: 47/47 MP: 0/7
  2864 | D:3      | Found a faded altar of an unknown god.
  3034 | D:3      | Reached skill level 6 in Axes
  3167 | D:3      | Reached XP level 6. HP: 53/53 MP: 8/8
  3564 | D:4      | Found a glowing drain.
  3665 | D:4      | Found a sand-covered staircase.
  3669 | D:4      | Found a blossoming altar of Fedhas.
  3670 | D:4      | Found a broken altar of Ashenzari.
  3674 | Ossuary  | Entered an ossuary
  3683 | Ossuary  | Reached skill level 5 in Fire Magic
  3692 | Ossuary  | Learned a level 5 spell: Lee's Rapid Deconstruction
  3933 | Sewer    | Entered a sewer
  4168 | Sewer    | Reached skill level 1 in Earth Magic
  4782 | Sewer    | Reached XP level 7. HP: 48/60 MP: 3/10
  5598 | D:4      | Found Vyuskuq's Jewellery Shoppe.
  5801 | D:4      | Found Ysaipoge's Book Shop.
  5926 | D:4      | Bought a book of Minor Magic for 198 gold pieces
  5930 | D:4      | Learned a level 3 spell: Mephitic Cloud
  6252 | D:5      | Entered Level 5 of the Dungeon
  6308 | D:5      | Reached skill level 5 in Fighting
  6316 | D:5      | Reached skill level 7 in Axes
  6981 | D:5      | Reached skill level 1 in Conjurations
  7123 | D:5      | Noticed Eustachio
  7150 | D:5      | Slain by an iron imp

Illustrated notes

Levels and vault maps discovered:
D:1:      lightli_arrival_maybe_door_vault, layout_loops_corners, st_stairs_13
D:2:      layout_loops_cross, grunt_decor_fettered, serial_bayou_ford_a,
          minmay_ruptured
D:3:      layout_rooms, hellmonk_ecumenical_altar_blasted
D:4:      layout_basic, mainiacjoe_overflow_alcove_1,
          mainiacjoe_overflow_alcove_2, nicolae_ossuary_entry_monument,
          cheibrodos_sewer_entry_bend, serial_shops, shop_statue, shop
D:5:      layout_basic, nicolae_sif_muna_little_library,
          mainiacjoe_overflow_six_doors_small, hangedman_decor_peaks_small,
          uniq_eustachio, uniq_duvessa

Skill      XL: |  1  2  3  4  5  6  7 |
---------------+----------------------+-----
Fighting       | 4 5 |  5.2
Fire Magic     | 4 5 |  5.9
Axes           | 5 6 7 |  7.2
Spellcasting   | 2 |  2.4
Earth Magic    | 1 2 |  2.4
Conjurations   | 1 |  1.4

Action                   |  1- 3 |  4- 6 |  7- 9 || total
-------------------------+-------+-------+-------++-------
Melee: Hand axe          |   132 |     4 |       ||   136
       Whip              |       |    98 |    51 ||   149
       Punch             |       |     1 |       ||     1
Throw: Dart              |       |       |     1 ||     1
 Cast: Scorch            |     3 |    45 |    26 ||    74
Invok: Fiery Armour      |       |       |     1 ||     1
  Use: Scroll            |       |     6 |       ||     6
       Potion            |       |       |     1 ||     1
Armor: Robe              |    20 |       |       ||    20
       Leather armour    |       |    24 |    10 ||    34
Dodge: Dodged            |    86 |    67 |    27 ||   180

Table legend: (Time is in decaauts)
 A = Elapsed time spent in this place.
 B = Non-inter-level travel time spent in this place.
 C = Inter-level travel time spent in this place.
 D = Time resting spent in this place.
 E = Time spent auto-exploring this place.
 F = Levels seen in this place.
 G = Mean time per level.
                   A        B        C        D        E       F      G
               +--------+--------+--------+--------+--------+-----+--------+
         Total |   7316 |   6962 |    354 |    496 |   5270 |   7 | 1045.1 |
       Dungeon |   5771 |   5417 |    354 |    264 |   4264 |   5 | 1154.2 |
         Sewer |   1388 |   1388 |      0 |    232 |    922 |   1 | 1388.0 |
       Ossuary |    156 |    156 |      0 |      0 |     84 |   1 |  156.0 |
               +--------+--------+--------+--------+--------+-----+--------+

Top non-repeatable levels by time:
     D:4: 1935 daAuts
     D:1: 1754 daAuts
   Sewer: 1388 daAuts
     D:2: 1085 daAuts
     D:3: 595 daAuts
     D:5: 400 daAuts
 Ossuary: 156 daAuts
